 Dungeon Crawl Stone Soup version 0.29.1-4-g47bece8355 (webtiles) character file.

Game seed: 13287219838056347810

988 kingsuperguy the Cleaver (level 8, -1/61 (63) HPs)
             Began as a Hill Orc Monk on Dec 8, 2022.
             Was a Believer of Beogh.
             Slain by an iguana (4 damage)
             ... on level 7 of the Dungeon.
             The game lasted 00:14:16 (5873 turns).

kingsuperguy the Cleaver (Hill Orc Monk)            Turns: 5873, Time: 00:14:16

HP:   -1/61 (63)    AC:  8    Str: 16    XL:     8   Next: 18%
MP:   8/8           EV: 12    Int: 10    God:    Beogh [**....]
Gold: 243           SH:  0    Dex: 13    Spells: 7/7 levels left

rFire   . . .      SeeInvis .   a - +2 hand axe
rCold   . . .      Faith    .   (no shield)
rNeg    + . .      Spirit   .   e - +0 ring mail
rPois   .          Reflect  .   (no helmet)
rElec   .          Harm     .   (no cloak)
rCorr   .          Rampage  .   (no gloves)
Will    +....                   (no boots)
Stlth   +.........              (no amulet)
HPRegen 0.20/turn               d - ring of positive energy
MPRegen 0.11/turn               (no ring)

@: lightly drained
A: iridescent scales 1, frail 1, strong-willed 1
a: Renounce Religion, Smiting


You were on level 7 of the Dungeon.
You worshipped Beogh.
Beogh was pleased with you.
You visited 1 branch of the dungeon, and saw 7 of its levels.
You also visited: Ossuary.

You collected 243 gold pieces.

Inventory:

Hand Weapons
 a - a +2 hand axe (weapon)
Missiles
 h - a throwing net (quivered)
Armour
 b - a +0 robe
 e - a +0 ring mail (worn)
Jewellery
 d - a ring of positive energy (left hand)
Scrolls
 g - 7 scrolls of identify {unknown}


   Skills:
 + Level 6.0 Fighting
 + Level 8.2 Axes
 + Level 4.7 Armour
 + Level 3.6 Dodging
 + Level 2.7 Stealth


You had 7 spell levels left.
You didn't know any spells.
Your spell library contained the following spells:

 Spells                   Type           Power      Damage    Failure   Level
 Apportation              Tloc           0%         N/A       56%         1
 Necrotise                Necr           0%         1d4       56%         1
 Summon Small Mammal      Summ           0%         N/A       56%         1


Dungeon Overview and Level Annotations

Branches:
Dungeon (7/15)            Ossuary (visited)
 Temple: D:4-7

Altars:
Trog

Annotations:
D:4 Edmund, Natasha, Pikel
D:5 2 transporters, Dowan


Innate Abilities, Weirdness & Mutations

You are partially covered in iridescent scales. (AC +2)
You are frail. (-10% HP)
You are strong-willed. (Will+)


Message History

The iguana bites you but does no damage.
You slash the iguana!
The iguana is severely wounded.
The iguana completely misses you.
You hit the iguana.
The iguana is almost dead.
You hit the iguana. The iguana closely misses you. The iguana bites you!
* * * LOW HITPOINT WARNING * * *
You hit the iguana.
You kill the iguana!
Beogh accepts your kill.
You barely miss the iguana. The iguana barely misses you.
You closely miss the iguana.
The iguana is lightly wounded.
The iguana bites you but does no damage.
You hit the iguana but do no damage.
The iguana is lightly wounded.
The iguana bites you.
* * * LOW HITPOINT WARNING * * *
You hit the iguana.
The iguana is moderately wounded.
The iguana bites you but does no damage.
You hit the iguana.
The iguana is moderately wounded.
The iguana bites you.
* * * LOW HITPOINT WARNING * * *
You aren't carrying any potions.
Okay, then.
You hit the iguana.
The iguana is heavily wounded.
The iguana bites you but does no damage.
You hit the iguana but do no damage.
The iguana is heavily wounded.
You hit the iguana.
The iguana is severely wounded.
The iguana bites you but does no damage.
You hit the iguana.
The iguana is almost dead.
The iguana bites you.
You die...

..... .... ###
.... ... ..# ..#
## #.# ### #.##.
#<# .. #... .#.#
##.# #.. .#.#
#..# #†#
...#####.# #@#
##.......# #l#
#.......#######.#
#..####.c.......#
....# #.#########
##.## #.. #.#
..## #.# ..## #.#
.##


You could see an iguana.

Vanquished Creatures
  Grinder (D:4)
  A water moccasin (D:6)
  A black bear (D:5)
  A centaur (D:7)
  A scorpion (D:5)
  2 centaur zombies (Ossuary)
  A jelly (D:2)
  2 hounds
  Ijyb (D:5)
  An iguana (D:7)
  An orc wizard (D:3)
  5 mummies (Ossuary)
  3 gnolls (D:2)
  5 adders
  A worm (D:3)
  3 dart slugs
  7 orcs
  7 endoplasms
  8 goblins
  3 hobgoblins
  4 jackals (D:2)
  2 kobolds (D:2)
  6 quokkas
  6 ball pythons
  4 bats
  2 frilled lizards
  3 hobgoblin zombies (Ossuary)
  9 rats
91 creatures vanquished.

Vanquished Creatures (others)
  An orc wizard (D:5)
  A gnoll (D:5)
  2 orcs (D:5)
  A plant (D:4)
5 creatures vanquished.

Grand Total: 96 creatures vanquished

Notes
Turn   | Place    | Note
-------+----------+-------------------------------------------
     0 | D:1      | kingsuperguy the Hill Orc Monk began the quest for the Orb.
     0 | D:1      | Reached XP level 1. HP: 19/19 MP: 1/1
   507 | D:1      | Reached XP level 2. HP: 21/27 MP: 2/2
   725 | D:1      | Found a faded altar of an unknown god.
  1043 | D:2      | Reached XP level 3. HP: 33/33 MP: 3/3
  1534 | D:2      | Reached XP level 4. HP: 13/41 MP: 4/4
  2021 | D:2      | Gained mutation: You are covered in fur. (AC +1) [potion of
                  | mutation]
  2021 | D:2      | Gained mutation: Your natural rate of healing is unusually
                  | fast. [potion of mutation]
  2021 | D:2      | Gained mutation: You occasionally shout uncontrollably at
                  | your foes. [potion of mutation]
  2432 | D:3      | Reached skill level 5 in Axes
  2547 | D:3      | Noticed Grinder
  2555 | D:4      | Found a bloodstained altar of Trog.
  2567 | D:4      | Reached skill level 1 in Armour
  2567 | D:4      | Reached XP level 5. HP: 42/47 MP: 5/5
  2622 | D:4      | Noticed Edmund
  2660 | D:4      | Paralysed by Grinder for 3 turns
  4010 | D:4      | Noticed a black bear
  4031 | D:4      | Paralysed by Grinder for 4 turns
  4051 | D:4      | Paralysed by Grinder for 3 turns
  4064 | D:4      | Killed Grinder
  4065 | D:4      | Reached skill level 5 in Fighting
  4065 | D:4      | Reached skill level 6 in Axes
  4065 | D:4      | Reached XP level 6. HP: 42/56 MP: 6/6
  4150 | D:4      | Noticed Pikel
  4281 | D:4      | Noticed a black bear
  4282 | D:4      | Noticed Natasha
  4376 | D:5      | Entered Level 5 of the Dungeon
  4382 | D:5      | Noticed Ijyb
  4407 | D:5      | Killed Ijyb
  4408 | D:5      | Reached XP level 7. HP: 41/61 MP: 7/7
  4469 | D:5      | Became a worshipper of Beogh the Brigand
  4469 | D:5      | Reached * piety under Beogh
  4469 | D:5      | Reached ** piety under Beogh
  4499 | D:5      | Found a transporter.
  4533 | D:5      | Found a transporter.
  4671 | D:5      | Found a sand-covered staircase.
  4696 | Ossuary  | Entered an ossuary
  5123 | Ossuary  | Reached skill level 7 in Axes
  5467 | D:6      | HP: 2/61 [water moccasin (6)]
  5623 | D:5      | Noticed Dowan
  5746 | D:5      | Reached XP level 8. HP: 51/70 MP: 8/8
  5852 | D:7      | Lost mutation: You are covered in fur. (AC +1) [potion of
                  | mutation]
  5852 | D:7      | Lost mutation: Your natural rate of healing is unusually
                  | fast. [potion of mutation]
  5852 | D:7      | Lost mutation: You occasionally shout uncontrollably at
                  | your foes. [potion of mutation]
  5852 | D:7      | Gained mutation: You are frail. (-10% HP) [potion of
                  | mutation]
  5852 | D:7      | Gained mutation: You are strong-willed. (Will+) [potion of
                  | mutation]
  5852 | D:7      | Gained mutation: You are partially covered in iridescent
                  | scales. (AC +2) [potion of mutation]
  5862 | D:7      | Reached skill level 8 in Axes
  5869 | D:7      | HP: 3/61 [iguana (6)]
  5873 | D:7      | Slain by an iguana

Illustrated notes

Levels and vault maps discovered:
D:1:      mrwooster_arrival_statue, layout_loops_ring,
          hellmonk_ecumenical_altar_lost_god, due_unseen_surprise
D:2:      layout_basic
D:3:      layout_loops_corners, nicolae_hexahallways, uniq_grinder
D:4:      layout_rooms, amcnicky_altar_gilded, hangedman_decor_riveting,
          serial_bayou_pond_e, uniq_edmund, uniq_pikel, uniq_crazy_yiuf_cottage,
          uniq_natasha
D:5:      gammafunk_steamed_eel, layout_basic,
          nicolae_ossuary_entry_false_entrances, uniq_eustachio, uniq_ijyb,
          uniq_duvessa, uniq_prince_ribbit1
D:6:      layout_basic
D:7:      layout_rooms, temple_fountains, biasface_ghost_orc_armoury,
          dreamdust_gnoll_shepherd

Skill      XL: |  1  2  3  4  5  6  7  8 |
---------------+-------------------------+-----
Fighting       | 4 5 6 |  6.0
Stealth        | 2 |  2.7
Dodging        | 3 |  3.6
Axes           | 5 6 7 8 |  8.2
Armour         | 1 3 4 |  4.7

Action                   |  1- 3 |  4- 6 |  7- 9 || total
-------------------------+-------+-------+-------++-------
Melee: Hand axe          |    93 |   232 |   165 ||   490
       Punch             |     1 |       |     2 ||     3
Invok: Convert to Beogh  |       |       |     1 ||     1
  Use: Potion            |       |     6 |     7 ||    13
       Scroll            |       |     3 |     4 ||     7
 Stab: Sleeping          |     2 |     3 |       ||     5
       Invisible         |       |       |     2 ||     2
Armor: Ring mail         |    43 |    63 |    89 ||   195
Dodge: Dodged            |    48 |   132 |   126 ||   306
